 Dungeon Crawl Stone Soup version 0.18-a0-921-g28655ce (webtiles) character file.

1020 Duffy the Martial Artist (level 8, -4/52 HPs)
             Began as an Octopode Monk on Dec 27, 2015.
             Slain by a sky beast (6 damage)
             ... on level 5 of the Dungeon.
             The game lasted 00:05:26 (5886 turns).

Duffy the Martial Artist (Octopode Monk)            Turns: 5886, Time: 00:05:26

Health: -4/52      AC:  1    Str: 12    XL:     8   Next: 22%
Magic:  8/8        EV: 14    Int: 13    God:
Gold:   184        SH:  0    Dex: 14    Spells: 0 memorised, 7 levels left

rFire  . . .     SeeInvis .     a - +0 blowgun
rCold  . . .     Gourm    .     (no shield)
rNeg   . . .     Faith    .     (helmet restricted)
rPois  +         Spirit   .     (no amulet)
rElec  .         Dismiss  .     A - ring of poison resistance
rCorr  .         Reflect  .     (no ring)
SustAt .         Harm     .     (no ring)
MR     .....                    (no ring)
Stlth  +++.......               (no ring)
                                (no ring)
                                (no ring)
                                (no ring)

@: not resistant to hostile enchantments, fairly stealthy
A: almost no armour, amphibious, 8 rings, constrict 8, camouflage 1, gelatinous
body 1
a: no special abilities


You were on level 5 of the Dungeon.
You were not hungry.

You visited 1 branch of the dungeon, and saw 5 of its levels.

You collected 184 gold pieces.


Innate Abilities, Weirdness & Mutations

You cannot wear most types of armour.
You are amphibious.
You can wear up to eight rings at the same time.
You can use your tentacles to constrict eight enemies at once.
Your skin changes colour to match your surroundings (Stealth).
Your rubbery body absorbs attacks (AC +1).


   Skills:
 - Level 3.0 Fighting
 + Level 4.6 Dodging
 - Level 2.8 Stealth
 + Level 9.5 Unarmed Combat


You had 7 spell levels left.
You didn't know any spells.

Inventory:

Hand Weapons
 a - a +0 blowgun (weapon)
Missiles
 e - 34 poisoned needles (quivered)
 w - 2 throwing nets
Magical Staves
 u - an uncursed staff of death
Jewellery
 A - a ring of poison resistance (left tentacle)
Wands
 z - a wand of fireball (7/15)
Scrolls
 c - a scroll of magic mapping {unknown}
 h - 2 scrolls of random uselessness {unknown}
 i - 2 scrolls of identify {unknown}
 l - 3 scrolls of recharging {unknown}
 m - a scroll of enchant weapon {unknown}
 n - 3 scrolls of remove curse {unknown}
 o - 3 scrolls of teleportation {unknown}
 p - 2 scrolls of blinking {unknown}
 q - a scroll of enchant armour {unknown}
 y - a scroll of fear {unknown}
Potions
 d - 2 potions of heal wounds {unknown}
 g - 7 potions of curing {unknown}
 j - 3 potions of flight {unknown}
 k - a potion of might {unknown}
 r - a potion of berserk rage {unknown}
 t - a potion of haste {unknown}
Comestibles
 b - 4 fruits
 f - 2 meat rations
 s - a slice of pizza
 x - 3 bread rations

Dungeon Overview and Level Annotations

Branches:
Dungeon (5/15)
 Temple: D:4-7

Altars:


Message History

Something hits you. Something shocks you.
No target in view!
No target in view!
No target in view!
Something hits you. Something shocks you.
An adder skeleton comes into view.
The adder skeleton moves out of view.
Something hits you. Something shocks you.
All of the chunks of flesh in your inventory have rotted away.
A sky beast appears from thin air!
Reactivating autopickup.
You tentacle-slap the sky beast.
The sky beast is lightly wounded.
You barely miss the sky beast.
The sky beast is lightly wounded.
The sky beast hits you. The sky beast shocks you.
You closely miss the sky beast.
The sky beast is lightly wounded.
The sky beast barely misses you.
a - a +0 blowgun (weapon)
You are too injured to fight recklessly!
You are too injured to fight recklessly!
Firing (i - inventory. (,) - cycle):
e - 35 poisoned needles (quivered)
Press: ? - help, Shift-Dir - straight line, f - sky beast
Aim: a sky beast (lightly wounded)
You shoot a poisoned needle. The poisoned needle hits the sky beast!
The sky beast is poisoned.
The sky beast is lightly wounded.
The sky beast hits you. The sky beast shocks you.
The sky beast flickers out of sight!
Deactivating autopickup; reactivate with Ctrl-A.
A sky beast appears from thin air!
Reactivating autopickup.
The sky beast hits you. The sky beast shocks you.
You die...

#....## ###...##
########(..##
#.......#...##
#.<))...#.#..####
#.......#.##....#
#......0#..####.#
#......Y##..# #.#
#......@###.###.##
####.#.......##..####
#..######........#
##.# ##.#.###.## #.#
#..........#. #.
#.......#....
#.......#.#..
#.......$....
#....<...##


You could see a sky beast.

Action                   |  1- 3 |  4- 6 |  7- 9 || total
-------------------------+-------+-------+-------++-------
Melee: Unarmed           |    70 |   113 |    64 ||   247
 Fire: Blowgun           |       |    12 |    17 ||    29
 Stab: Sleeping          |    13 |    18 |     1 ||    32
       Distracted        |       |       |     1 ||     1
  Eat: Chunk             |     1 |     9 |     5 ||    15

Notes
Turn   | Place    | Note
--------------------------------------------------------------
     0 | D:1      | Duffy the Octopode Monk began the quest for the Orb.
     0 | D:1      | Reached XP level 1. HP: 16/16 MP: 1/1
   142 | D:1      | Reached XP level 2. HP: 17/21 MP: 2/2
   824 | D:2      | Reached XP level 3. HP: 26/26 MP: 3/3
   916 | D:2      | Reached skill level 5 in Unarmed Combat
  1296 | D:2      | Noticed Jessica
  1302 | D:2      | Killed Jessica
  1302 | D:2      | Reached XP level 4. HP: 31/31 MP: 4/4
  1471 | D:2      | Noticed Ijyb
  1476 | D:2      | Killed Ijyb
  1476 | D:2      | Reached skill level 6 in Unarmed Combat
  1784 | D:3      | Reached XP level 5. HP: 36/36 MP: 5/5
  3823 | D:4      | Noticed an ogre
  3837 | D:4      | Killed an ogre
  3837 | D:4      | Reached skill level 7 in Unarmed Combat
  3837 | D:4      | Reached XP level 6. HP: 42/42 MP: 6/6
  3854 | D:4      | Noticed Duffy's ghost (novice DEAE)
  3858 | D:5      | Entered Level 5 of the Dungeon
  4086 | D:4      | Killed Duffy's ghost
  4086 | D:4      | Reached skill level 8 in Unarmed Combat
  4086 | D:4      | Reached XP level 7. HP: 8/46 MP: 7/7
  4735 | D:4      | Reached skill level 9 in Unarmed Combat
  5457 | D:4      | Reached skill level 4 in Dodging
  5468 | D:4      | Reached XP level 8. HP: 31/52 MP: 8/8
  5886 | D:5      | Slain by a sky beast

Vault maps used:
D:1:      minmay_arrival_open_corners, minmay_stone_trees_medium
D:2:      uniq_jessica, uniq_iyjb
D:3:      tgw_xom
D:5:      first_bread, st_stairs_9

Vanquished Creatures
  The ghost of Duffy the Magician, a novice DEAE of Ashenzari
  A sky beast
  2 ogres
  A crimson imp
  An orc priest
  An iguana
  3 orc wizards Jessica
  6 worker ants Ijyb
  7 adders
  5 worms
  4 giant geckos
  13 orcs
  3 giant cockroaches
  7 goblins
  7 hobgoblins
  7 kobolds
  A ball python
  10 bats
  3 giant newts
  10 jackals
  3 quokkas
  2 rats
100 creatures vanquished.
